 Dungeon Crawl Stone Soup version 0.26.0-10-g1f06aea511 (webtiles) character file.

Game seed: 406994088680476589

103 MajorAdolf the Sneak (level 4, -7/40 HPs)
             Began as a Naga Wanderer on Jan 15, 2021.
             Killed from afar by a white imp (10 damage)
             ... with a puff of frost
             ... summoned by Natasha
             ... on level 2 of the Dungeon.
             The game lasted 00:05:14 (3339 turns).

MajorAdolf the Sneak (Naga Wanderer)                Turns: 3339, Time: 00:05:14

Health: -7/40      AC:  3    Str: 17    XL:     4   Next: 79%
Magic:  3/7        EV:  9    Int: 12    God:
Gold:   130        SH:  0    Dex:  9    Spells: 6/7 levels left

rFire    . . .     SeeInvis +   e - +0 dagger
rCold    . . .     Faith    .   (no shield)
rNeg     . . .     Spirit   .   c - +0 robe
rPois    +         Reflect  .   (no helmet)
rElec    .         Harm     .   d - +0 cloak
rCorr    .         Rampage  .   (no gloves)
Will     .....                  (no barding)
Stlth    ++........             (no amulet)
HPRegen  0.13/turn              (no ring)
MPRegen  0.10/turn              (no ring)

@: invisible, very slow
A: large, see invisible, deformed body, poison resistance, slowness 2, spit
poison 1, AC +1
a: Spit Poison


You were on level 2 of the Dungeon.
You visited 1 branch of the dungeon, and saw 2 of its levels.

You collected 130 gold pieces.

Inventory:

Hand Weapons
 e - a +0 dagger (weapon)
Armour
 c - a +0 robe (worn)
 d - a +0 cloak (worn)
Scrolls
 a - 4 scrolls of remove curse
 b - 2 scrolls of fear {unknown}
 f - a scroll of random uselessness {unknown}
 g - a scroll of immolation {unknown}
 h - a scroll of teleportation {unknown}
 l - 2 scrolls of identify {unknown}
Potions
 j - a potion of curing {unknown}
 k - a potion of flight {unknown}
 m - a potion of resistance {unknown}
 n - a potion of degeneration {unknown}
 o - a potion of heal wounds {unknown}


   Skills:
 + Level 2.7 Fighting
 - Level 2.4 Armour
 + Level 1.2 Dodging
 - Level 3.0 Stealth
 + Level 2.0 Spellcasting
 + Level 1.6 Conjurations
 + Level 2.1 Translocations
 + Level 1.6 Fire Magic


You had 6 spell levels left.
You knew the following spells:

 Your Spells              Type           Power        Failure   Level
a - Foxfire               Conj/Fire      20%          14%         1

Your spell library contained the following spells:

 Spells                   Type           Power        Failure   Level
 Blink                    Tloc           N/A          17%         2
 Gell's Gravitas          Tloc           3%           34%         3
 Lesser Beckoning         Tloc           3%           34%         3
 Teleport Other           Tloc           6%           34%         3
 Conjure Flame            Conj/Fire      5%           38%         3
 Passage of Golubria      Tloc           N/A          75%         4


Dungeon Overview and Level Annotations

Branches:
Dungeon (2/15)

Altars:

Annotations:
D:2 Natasha


Innate Abilities, Weirdness & Mutations

You cannot wear boots.
Your serpentine skin is tough. (AC +1)
You have supernaturally acute eyesight. (SInv)
Armour fits poorly on your strangely shaped body.
Your system is resistant to poisons. (rPois)
You cover ground very slowly.
You can spit poison.


Message History

Unknown command.
Your foxfire dissipates!
You have got your breath back.
The white imp disappears in a puff of smoke!
Natasha growls.
Natasha casts a spell.
Unknown command.
Okay, then.
As you read the scroll labelled CAGETZIKKAO, it crumbles to dust.
You feel blessed for a moment.
It was a scroll of remove curse.
You feel yourself speed up. The white imp hits you.
* * * LOW HITPOINT WARNING * * *
The white imp freezes you.
* * * LOW HITPOINT WARNING * * *
It was a potion of invisibility.
You fade into invisibility!
The white imp gestures at you. The puff of frost hits you!
You die...

.#####..# #.######### .###
#..# #.#.(.....# ...# #..#
#.#.......# .#.# #..#
#.#.......#
.#.###..###.#.......#
.......<....######'##
##.###..###.# #.#
#.###..###.######.###
#.......##.55h5@....#
##.#.#...#########.#.#
#........### ### #.#.#
#..#.....#.###.###...#####
#..####..<...............#
#..# #....##..###...###.#
#..# #....##..###.......#
#..####....##.[...#..###.#
#.................#..###.#


You could see Natasha, a crimson imp (summoned) and 2 white imps.

Vanquished Creatures
  Natasha (D:2)
  Terence (D:2)
  An adder (D:2)
  A worm (D:2)
  A dart slug (D:1)
  2 leopard geckos (D:1)
  6 bats (D:1)
  A giant cockroach (D:1)
  3 goblins
  5 hobgoblins
  A quokka (D:2)
  3 frilled lizards
  8 kobolds
  5 rats
39 creatures vanquished.

Vanquished Creatures (others)
  25 foxfires
25 creatures vanquished.

Grand Total: 64 creatures vanquished

Notes
Turn   | Place    | Note
-------+----------+-------------------------------------------
     0 | D:1      | MajorAdolf the Naga Wanderer began the quest for the Orb.
     0 | D:1      | MajorAdolf set off with the following items: a +0 club, a
                  | +0 ring mail, a +0 dagger; and the following spell
                  | memorised: Foxfire; and the following spells available to
                  | memorise: Blink, Gell's Gravitas, Lesser Beckoning,
                  | Teleport Other, Conjure Flame, Passage of Golubria
     0 | D:1      | Reached XP level 1. HP: 19/19 MP: 3/3
   255 | D:1      | Reached XP level 2. HP: 12/26 MP: 5/5
  1021 | D:1      | Reached XP level 3. HP: 28/32 MP: 6/6
  1223 | D:1      | Reached skill level 1 in Conjurations
  1223 | D:1      | Reached skill level 1 in Fire Magic
  1768 | D:2      | Noticed Terence
  1783 | D:2      | Killed Terence
  1784 | D:2      | Reached skill level 1 in Dodging
  1784 | D:2      | Reached XP level 4. HP: 8/40 MP: 7/7
  2152 | D:2      | Noticed Natasha
  2176 | D:2      | Killed Natasha
  2366 | D:2      | Noticed Natasha
  3339 | D:2      | Killed from afar by a white imp

Illustrated notes

Levels and vault maps discovered:
D:1:      lemuel_arrival_broad_hall, layout_loops_cross, minmay_tiny_reverse_x
D:2:      layout_basic, hangedman_decor_points, uniq_terence, uniq_natasha

Skill      XL: |  1  2  3  4 |
---------------+-------------+-----
Conjurations   | 1 |  1.6
Fire Magic     | 1 |  1.6
Dodging        | 1 |  1.2
Translocations | 2 |  2.1
Fighting       | |  2.7
Armour         | |  2.4
Stealth        | |  3.0
Spellcasting   | |  2.0

Action                   |  1- 3 |  4- 6 || total
-------------------------+-------+-------++-------
Melee: Dagger            |   101 |    15 ||   116
 Cast: Foxfire           |     1 |    26 ||    27
 Abil: Spit Poison       |    17 |     8 ||    25
  Use: Scroll            |       |     1 ||     1
       Potion            |       |     1 ||     1
Armor: Ring mail         |    20 |       ||    20
       Scale mail        |    45 |     3 ||    48
       Robe              |       |     8 ||     8
Dodge: Dodged            |    50 |    24 ||    74
